 Dungeon Crawl Stone Soup version 0.30-a0-1163-gf69bf04e7a (webtiles) character file.

Game seed: 164302258217820690

58 IdlyInterested the Trooper (level 3, 0/31 HPs)
             Began as a Demonspawn Fighter on Apr 28, 2023.
             Shot with a sling bullet by a goblin (2 damage)
             ... led by Robin
             ... on level 2 of the Dungeon.
             The game lasted 00:03:19 (1294 turns).

IdlyInterested the Trooper (Demonspawn Fighter)     Turns: 1294, Time: 00:03:20

Health: 0/31       AC: 13    Str: 18    XL:     3   Next: 76%
Magic:  3/3        EV:  1    Int:  9    God:
Gold:   127        SH:  0    Dex: 12    Spells: 2/2 levels left

rFire   + . .        b - +0 battleaxe
rCold   + . .        (shield currently unavailable)
rNeg    . . .        e - +0 gold dragon scales
rPois   +            (helmet restricted)
rElec   .            (no cloak)
rCorr   .            (no gloves)
SInv    .            (no boots)
Will    .....        (no amulet) Stlth
                     (no ring)
HPRegen 0.25/turn    (no ring)
MPRegen 0.08/turn

%: no passive effects
@: mighty
A: antennae 1, demonic magic 1
a: no special abilities


You were on level 2 of the Dungeon.
You visited 1 branch of the dungeon, and saw 2 of its levels.

You collected 127 gold pieces.

Inventory:

Hand Weapons
 a - a +0 war axe
 b - a +0 battleaxe (weapon)
 m - a +0 short sword
Missiles
 h - 14 stones (quivered)
Armour
 c - a +0 buckler
 e - +0 gold dragon scales (worn)
 o - a +0 plate armour
Jewellery
 p - a ring of fire
Scrolls
 f - a scroll of immolation {unknown}
 g - a scroll of fear {unknown}
 i - 2 scrolls of poison
 j - a scroll of identify {unknown}
 k - a scroll of teleportation {unknown}
 n - 2 scrolls of enchant weapon {unknown}
Potions
 l - a potion of magic {unknown}
 q - a potion of cancellation {unknown}
 r - a potion of mutation {unknown}


   Skills:
 + Level 4.3 Fighting
 - Level 1.7 Axes
 - Level 1.0 Throwing
 - Level 3.0 Armour
 - Level 2.6 Shields


You had 2 spell levels left.
You didn't know any spells.
Your spell library contained the following spells:

 Spells                   Type           Power      Damage    Failure   Level
 Sandblast                Erth           0%         2d4       100%        1
 Passwall                 Tmut/Erth      0%         N/A       100%        2
 Portal Projectile        Hex/Tloc       0%         N/A       100%        3
 Stone Arrow              Conj/Erth      0%         3d7       100%        3
 Tukima's Dance           Hex            0%         N/A       100%        3
 Blade Hands              Tmut           0%         N/A       100%        5


Dungeon Overview and Level Annotations

Branches:
Dungeon (2/15)

Altars:


Innate Abilities, Weirdness & Mutations

You have a pair of small antennae on your head.
Spells you cast may paralyse adjacent enemies.


Message History

You kill the goblin!
You hit the goblin. You closely miss the goblin.
The goblin hits you but does no damage. x2
The goblin hits you with a +2 dagger of speed.
The goblin hits you but does no damage. The goblin hits you with a +0 club.
The goblin hits you but does no damage.
Your Fighting skill increases to level 4!
You slice Robin!!
You kill Robin!
You hit the goblin. You barely miss the goblin. You miss the goblin.
The goblin hits you but does no damage. x5; The goblin hits you with a +0 club.
* * * LOW HITPOINT WARNING * * *
The goblin hits you but does no damage.
Unknown command.
You feel very mighty all of a sudden.
The goblin hits you with a +2 dagger of speed.
* * * LOW HITPOINT WARNING * * *
The goblin hits you but does no damage. x3
You closely miss the goblin. You completely miss the goblin.
You closely miss the goblin. You hit the goblin.
You kill the goblin!
The goblin hits you but does no damage. x3
You slash the goblin!
You kill the goblin!
You closely miss the goblin. You slash the goblin!
You kill the goblin!
You slash the goblin!
You kill the goblin!
The goblin unwields a +0 dagger.
The goblin wields a +0 sling.
The goblin shoots a sling bullet.
The sling bullet hits you but does no damage.
The goblin hits you but does no damage. x3; The goblin shoots a sling bullet.
The sling bullet hits you.
* * * LOW HITPOINT WARNING * * *
You slice the goblin!!
You kill the goblin!
You slash the goblin!
You kill the goblin!
The goblin shoots a sling bullet.
The sling bullet hits you.
You die...

########.# #..{ .
#........########### .g
##......)............
..g#.........#.....##.##
.............#....#...#
#.##.........#..#....#
#....g........###....#
#>...))).......###...##
#....)@####....#..#.... #########
#.###### ##...#....#.##
#...#...### #..##.....#.#
..#.#.#..## #...........#
..#.#.#...# #.......######
..#.#.#...# ####.#### #
..#.#.#...# #### #.# ##
..#.#.#†#.####..#######†########.
#...#...#....#........#.#........


You could see a goblin.

Vanquished Creatures
  Robin (D:2)
  An adder (D:2)
  An endoplasm (D:2)
  A giant cockroach (D:1)
  13 goblins
  6 hobgoblins
  2 jackals (D:1)
  A quokka (D:1)
  3 ball pythons
  3 bats
  2 kobolds (D:1)
  3 rats
37 creatures vanquished.

Notes
Turn   | Place    | Note
-------+----------+-------------------------------------------
     0 | D:1      | IdlyInterested the Demonspawn Fighter began the quest for
                  | the Orb.
     0 | D:1      | Reached XP level 1. HP: 18/18 MP: 1/1
   301 | D:1      | Gained mutation: You have a pair of small antennae on your
                  | head. [demonic ancestry]
   301 | D:1      | Reached XP level 2. HP: 24/24 MP: 2/2
   338 | D:1      | Reached skill level 1 in Throwing
   882 | D:2      | Gained mutation: Spells you cast may paralyse adjacent
                  | enemies. [demonic ancestry]
   882 | D:2      | Reached XP level 3. HP: 29/30 MP: 3/3
  1282 | D:2      | Noticed Robin
  1290 | D:2      | Reached skill level 4 in Fighting
  1290 | D:2      | Killed Robin
  1293 | D:2      | HP: 1/30 [goblin/sling bullet[Robin] (3)]
  1294 | D:2      | Shot with a sling bullet by a goblin

Illustrated notes

Levels and vault maps discovered:
D:1:      elethiomel_arrival_maze, layout_rooms
D:2:      layout_basic, serial_co_window_serial, co_window_paths_b,
          co_window_paths_a, co_window_of_opportunity_a, co_window_paths_a,
          co_window_paths_a, co_window_paths_a, co_window_of_opportunity_a,
          co_window_unsneaky_path_a, co_window_broadway_b,
          co_window_of_opportunity_b, co_window_of_opportunity_c,
          co_window_2corner, co_window_2corner, co_window_of_opportunity_b,
          co_window_4corner_b, glass_columns_a, glass_columns_a,
          minmay_misc_feat_tiny, minmay_misc_feat_chi,
          kennysheep_generic_room_11, uniq_robin, uniq_jessica

Skill      XL: |  1  2  3 |
---------------+----------+-----
Armour         | 3 |  3.0
Throwing       | 1 |  1.0
Fighting       | 4 |  4.3
Axes           | |  1.7
Shields        | |  2.6

Action                     || total
---------------------------++-------
  Melee: War axe           ||    53
         Battleaxe         ||    37
    Use: Scroll            ||     1
         Potion            ||     1
 Armour: Scale mail        ||    25
         Plate armour      ||    23
         Gold dragon scale ||    44
  Dodge: Dodged            ||    24
  Block: Buckler           ||    17

Table legend: (Time is in decaauts)
 A = Elapsed time spent in this place.
 B = Non-inter-level travel time spent in this place.
 C = Inter-level travel time spent in this place.
 D = Time resting spent in this place.
 E = Time spent auto-exploring this place.
 F = Levels seen in this place.
 G = Mean time per level.
                   A        B        C        D        E       F      G
               +--------+--------+--------+--------+--------+-----+--------+
         Total |   1340 |   1260 |     80 |    100 |    728 |   2 |  670.0 |
       Dungeon |   1340 |   1260 |     80 |    100 |    728 |   2 |  670.0 |
               +--------+--------+--------+--------+--------+-----+--------+

Top non-repeatable levels by time:
     D:1: 729 daAuts
     D:2: 611 daAuts
